 Dungeon Crawl Stone Soup version 0.29-a0-721-g7f417c9bbb (webtiles) character file.

Game seed: 16088859562695346253

24936 marklar909 the Cleaver (level 12, -6/100 HPs)
             Began as a Palentonga Fighter on June 27, 2022.
             Was a High Priest of Okawaru.
             Mangled by Rupert
             ... wielding a +1 great sword of holy wrath
              (40 damage)
             ... on level 3 of the Lair of Beasts.
             The game lasted 00:44:05 (14994 turns).

marklar909 the Cleaver (Palentonga Fighter)        Turns: 14994, Time: 00:44:06

Health: -6/100     AC: 36    Str: 22    XL:     12   Next: 85%
Magic:  14/20      EV:  6    Int:  9    God:    Okawaru [*****.]
Gold:   978        SH: 14    Dex: 12    Spells: 11/11 levels left

rFire   + + .      SeeInvis +   a - +2 war axe
rCold   + . .      Faith    .   S - +2 buckler of Uskayaw's Whim {Will+}
rNeg    . . .      Spirit   .   I - +0 gold dragon scales
rPois   +          Reflect  +   E - +0 helmet
rElec   .          Harm     .   q - +0 cloak
rCorr   .          Rampage  .   j - +1 pair of gloves
Will    +....                   H - +2 barding "Poboiqo" {*Slow rF+ Slay+3}
Stlth   ..........              h - amulet of reflection
HPRegen 0.26/turn               n - +4 ring of evasion
MPRegen 0.17/turn               w - ring of wizardry

@: heroic, finesse-ful, studying Invocations, curled up
A: large, rugged brown scales 3, see invisible, deformed body, roll 1, armoured
tail, reflexive curl
a: Rolling Charge, Renounce Religion, Heroism, Finesse, Duel


You were on level 3 of the Lair of Beasts.
You worshipped Okawaru.
Okawaru was extremely pleased with you.
You visited 2 branches of the dungeon, and saw 13 of its levels.

You collected 978 gold pieces.

Inventory:

Hand Weapons
 a - a +2 war axe (weapon)
 K - the +3 demon blade of Okawaru's Wrath {vamp, Drain +Blink MP+9 Str+9 Int+2}
   (Okawaru gifted it to you on level 1 of the Lair of Beasts)

   It occasionally heals its wielder for a portion of the damage dealt when it
   wounds a living foe.
   Str:       It affects your strength (+9).
   Int:       It affects your intelligence (+2).
   MP:        It affects your magic capacity (+9).
   +Blink:    It lets you blink.
   Drain:     It drains your maximum health when unequipped.
 L - the +4 hammer "Fueguist" {venom, +Blink rCorr Str-5}
   (You found it on level 3 of the Dungeon)

   It poisons the flesh of those it strikes.
   Str:       It affects your strength (-5).
   +Blink:    It lets you blink.
   rCorr:     It protects you from acid and corrosion.
Missiles
 m - a throwing net
 y - 5 datura-tipped darts
Armour
 j - a +1 pair of gloves (worn)
 q - a +0 cloak (worn)
 E - a +0 helmet (worn)
 H - the +2 barding "Poboiqo" (worn) {*Slow rF+ Slay+3}
   (Okawaru gifted it to you on level 9 of the Dungeon)

   Slay:      It affects your accuracy & damage with ranged weapons and melee
   (+3).
   rF:        It protects you from fire.
   *Slow:     It may slow you when you take damage.
 I - +0 gold dragon scales (worn)
 S - the +2 buckler of Uskayaw's Whim (worn) {Will+}
   (You found it on level 1 of the Lair of Beasts)

   Will:      It increases your willpower.
Jewellery
 e - a ring of ice
 h - an amulet of reflection (around neck)
 n - a +4 ring of evasion (left hand)
 p - a ring of poison resistance
 w - a ring of wizardry (right hand)
 A - a ring of protection from fire
Wands
 b - a wand of digging (3)
 f - a wand of iceblast (10)
 C - a wand of flame (14)
 Q - a wand of paralysis (5)
Scrolls
 s - 11 scrolls of teleportation
 u - 3 scrolls of fear
 x - a scroll of silence
 D - 3 scrolls of amnesia
 N - a scroll of immolation
 P - a scroll of blinking
Potions
 c - 2 potions of resistance
 d - 2 potions of might
 g - 4 potions of magic
 i - a potion of ambrosia
 k - 3 potions of flight
 l - 6 potions of lignification
 o - 4 potions of curing
 r - 2 potions of heal wounds
 t - a potion of haste
 v - a potion of mutation
 z - a potion of brilliance
 B - 2 potions of invisibility
 J - 2 potions of cancellation {unknown}
 O - a potion of attraction {unknown}
Miscellaneous
 F - a tin of tremorstones (2/2)


   Skills:
 + Level 8.8(13.8) Fighting
 + Level 14.5(19.5) Axes
 * Level 7.4(12.4) Armour
 + Level 0.5(5.5) Dodging
 + Level 1.0(6.0) Stealth
 + Level 8.9(13.9) Shields
 + Level 11.1 Invocations
 + Level 1.4 Evocations


You had 11 spell levels left.
You didn't know any spells.
Your spell library contained the following spells:

 Spells                   Type           Power      Damage    Failure   Level
 Apportation              Tloc           0%         N/A       100%        1
 Necrotize                Necr           0%         1d4       100%        1
 Slow                     Hex            0%         N/A       100%        1
 Ensorcelled Hibernation  Hex/Ice        0%         N/A       100%        2
 Passwall                 Tmut/Erth      0%         N/A       100%        2
 Gell's Gravitas          Tloc           0%         N/A       100%        3
 Ignite Poison            Fire/Tmut/Pois 0%         N/A       100%        3
 Lesser Beckoning         Tloc           0%         N/A       100%        3
 Mephitic Cloud           Conj/Pois/Air  0%         N/A       100%        3
 Swiftness                Air            0%         N/A       100%        3
 Teleport Other           Tloc           0%         N/A       100%        3
 Vampiric Draining        Necr           0%         2d6       100%        3
 Agony                    Necr           0%         N/A       100%        5
 Alistair's Intoxication  Tmut/Pois      0%         N/A       100%        5
 Freezing Cloud           Conj/Ice/Air   0%         6-21      100%        5


Dungeon Overview and Level Annotations

Branches:
Dungeon (10/15)            Temple (0/1) D:5            Lair (3/6) D:8
  Swamp (0/4) Lair:2       Spider (0/4) Lair:2          Orc (0/2) D:9

Altars:
Ashenzari
Dithmenos
Fedhas
Okawaru
Ru
Uskayaw
Xom
Zin
Jiyva

Shops:
D:4 *

Annotations:
D:9 3 runed translucent doors, xian's ghost, novice SpAM
Lair:2 3 runed translucent doors, Qyfeak's ghost, journeyman DjVM
Lair:3 Rupert


Innate Abilities, Weirdness & Mutations

You are completely covered in rugged brown scales. (AC +3, +7% HP)
You have supernaturally acute eyesight. (SInv)
Armour fits poorly on your strangely shaped body.
You can roll at nearby foes to attack.
You have a long armoured tail.
You curl defensively after being hit. (AC +7*)


Message History

Unknown command.
You slash Rupert!
Rupert is lightly wounded.
Rupert hits you but does no damage.
Unknown command.
You slash Rupert!
Your tail-slap misses Rupert.
Rupert is moderately wounded.
You gain the combat prowess of a mighty hero.
Rupert hits you with a +1 great sword of holy wrath!!
You can now deal lightning-fast blows.
Rupert hits you with a +1 great sword of holy wrath!!
You hit Rupert but do no damage.
Rupert is moderately wounded.
Rupert roars madly and goes into a rage!
Rupert goes berserk!
You slice Rupert!!
Rupert is heavily wounded.
Okay, then.
You hit Rupert but do no damage.
Rupert is heavily wounded.
You block Rupert's attack.
You slice Rupert!! You tail-slap Rupert!
Rupert is heavily wounded.
You completely miss Rupert. You tail-slap Rupert!
Rupert is severely wounded.
Rupert hits you with a +1 great sword of holy wrath!!
You closely miss Rupert. You tail-slap Rupert.
Rupert is severely wounded.
Rupert hits you with a +1 great sword of holy wrath!
You barely miss Rupert.
Rupert is severely wounded.
You slice Rupert!! You tail-slap Rupert.
Rupert is almost dead.
Rupert hits you but does no damage.
You slice Rupert!!
Your tail-slap misses Rupert.
Rupert is almost dead.
You barely miss Rupert.
Rupert is almost dead.
Rupert hits you with a +1 great sword of holy wrath!!!
You die...

#....#..#. #.........
#......... #^..#..... ...
#......... ... .....#
#.......}. ..#.#....###
##..@......
...##.....###..@..#.#. .
+........#P##.........
.##.....................
.....................#.....
...................### #..#
...................# ....
...........?........#
##..##
....................# ....
...!.....###.##....P# #..#


You could see Rupert (berserk).

Vanquished Creatures
  An ice dragon (Lair:1)
  4 two-headed ogres
  A death yak (Lair:1)
  Amaemon (Lair:1)
  3 black mambas (Lair:1)
  An elephant (D:8)
  An orange demon (Lair:1)
  5 cane toads
  5 rime drakes
  A freezing wraith (Lair:1)
  3 komodo dragons
  2 ice devils (Lair:1)
  3 burning bushes (Lair:2)
  An anaconda simulacrum (Lair:1)
  A polar bear (Lair:1)
  7 hornets
  7 blink frogs (Lair:2)
  Prince Ribbit (D:9)
  A tyrant leech (D:10)
  3 wyverns
  18 yaks
  A basilisk (D:8)
  A death yak simulacrum (Lair:1)
  2 steam dragons (D:10)
  2 swamp worms (D:10)
  An acid dragon (D:9)
  12 water moccasins
  7 orc warriors
  2 ice beasts
  4 black bears
  13 wolves
  An ogre (D:4)
  4 centaurs
  A kobold brigand (D:10)
  2 phantoms
  2 gnoll sergeants
  7 bullfrogs
  5 necrophages
  3 scorpions
  A cane toad simulacrum (Lair:1)
  5 wights
  6 killer bees (D:9)
  An elephant simulacrum (Lair:1)
  2 electric eels
  A howler monkey (D:10)
  4 hounds
  2 gnoll shamans
  A jelly (D:7)
  3 orc priests
  3 iguanas
  Ijyb (D:3)
  Jessica (D:2)
  Crazy Yiuf (D:3)
  5 orc wizards
  A troll simulacrum (Lair:1)
  A polar bear simulacrum (Lair:1)
  A spriggan simulacrum (Lair:1)
  10 gnolls
  6 adders
  A shadow imp (D:8)
  5 white imps
  4 ufetubi
  A worm (D:3)
  2 dart slugs
  21 orcs
  4 endoplasms
  2 giant cockroaches
  14 goblins
  6 hobgoblins
  3 jackals (D:1)
  14 kobolds
  4 quokkas
  4 ball pythons
  5 bats
  5 frilled lizards
  4 rats
295 creatures vanquished.

Vanquished Creatures (others)
  An unseen horror (D:10)
  A yak (Lair:1)
  10 fungi
  20 plants
32 creatures vanquished.

Grand Total: 327 creatures vanquished

Notes
Turn   | Place    | Note
-------+----------+-------------------------------------------
     0 | D:1      | marklar909 the Palentonga Fighter began the quest for the
                  | Orb.
     0 | D:1      | Reached XP level 1. HP: 19/19 MP: 1/1
   179 | D:1      | Reached XP level 2. HP: 25/25 MP: 2/2
   802 | D:2      | Reached XP level 3. HP: 31/31 MP: 3/3
  1310 | D:2      | Noticed Jessica
  1315 | D:2      | Killed Jessica
  1316 | D:2      | Reached XP level 4. HP: 32/37 MP: 4/4
  1666 | D:3      | Reached skill level 3 in Axes
  1798 | D:3      | Found a runed translucent door.
  1799 | D:3      | Noticed Crazy Yiuf
  1822 | D:3      | Found a broken altar of Ashenzari.
  1825 | D:3      | Found a faded altar of an unknown god.
  1837 | D:3      | Got Plato's Tome of the Hundredfold Bones
  1998 | D:3      | Found a shimmering altar of Xom.
  1998 | D:3      | Found a glowing silver altar of Zin.
  1998 | D:3      | Found a blossoming altar of Fedhas.
  2010 | D:3      | Found an iron altar of Okawaru.
  2013 | D:3      | Found a sacrificial altar of Ru.
  2133 | D:3      | Became a worshipper of Warmaster Okawaru
  2180 | D:3      | Noticed Ijyb
  2213 | D:3      | Killed Ijyb
  2214 | D:3      | Reached XP level 5. HP: 30/43 MP: 5/5
  2623 | D:4      | Reached skill level 4 in Axes
  2819 | D:4      | Found Iklaudat's Neck Hole.
  2819 | D:4      | Noticed a black bear
  2838 | D:4      | Reached XP level 6. HP: 47/51 MP: 6/6
  2844 | D:4      | Reached * piety under Okawaru
  2954 | D:4      | Reached skill level 5 in Axes
  3059 | D:4      | Noticed a water moccasin
  3068 | D:4      | Killed a water moccasin
  3069 | D:4      | Gained mutation: You curl defensively after being hit. (AC
                  | +7*) [Palentonga growth]
  3069 | D:4      | Reached XP level 7. HP: 57/57 MP: 7/7
  3459 | D:5      | Entered Level 5 of the Dungeon
  3474 | D:5      | Found a staircase to the Ecumenical Temple.
  3652 | D:5      | Reached skill level 6 in Axes
  3751 | D:5      | Reached ** piety under Okawaru
  3752 | D:5      | Reached XP level 8. HP: 65/65 MP: 8/8
  3754 | D:5      | Identified a scroll of acquirement
  3754 | D:5      | Acquired a manual of Invocations
  4067 | D:5      | Reached skill level 5 in Shields
  4266 | D:6      | Noticed a two-headed ogre
  4552 | D:6      | Reached skill level 7 in Axes
  5358 | D:7      | Reached skill level 1 in Invocations
  5765 | D:7      | Found a hide-covered altar of Uskayaw.
  5904 | D:7      | Reached skill level 8 in Axes
  6621 | D:6      | Killed a two-headed ogre
  6621 | D:6      | Reached *** piety under Okawaru
  6622 | D:6      | Reached skill level 5 in Fighting
  6622 | D:6      | Reached skill level 1 in Stealth
  6622 | D:6      | Reached XP level 9. HP: 44/72 MP: 9/11
  6839 | D:8      | Reached skill level 5 in Armour
  6840 | D:8      | Reached skill level 1 in Evocations
  7136 | D:8      | Reached **** piety under Okawaru
  7137 | D:8      | Reached skill level 9 in Axes
  7276 | D:8      | Noticed a two-headed ogre
  7312 | D:8      | Noticed an elephant
  7321 | D:8      | Noticed a two-headed ogre
  7330 | D:8      | Killed an elephant
  7331 | D:8      | Reached skill level 10 in Axes
  7339 | D:8      | Reached XP level 10. HP: 61/81 MP: 5/12
  7339 | D:8      | Killed a two-headed ogre
  7483 | D:8      | Found a staircase to the Lair.
  7530 | D:8      | Killed a two-headed ogre
  7530 | D:8      | Reached ***** piety under Okawaru
  7531 | D:8      | Reached skill level 11 in Axes
  7739 | D:9      | Noticed a two-headed ogre
  7981 | D:9      | Found a runed translucent gate.
  7982 | D:9      | Found a runed translucent gate.
  7983 | D:9      | Found a runed translucent gate.
  7983 | D:9      | Noticed a spectral centaur warrior
  7984 | D:9      | Noticed xian's ghost (novice SpAM)
  7984 | D:9      | Noticed a spectral centaur warrior
  7984 | D:9      | Noticed a spectral centaur warrior
  8086 | D:9      | Noticed Prince Ribbit
  8095 | D:9      | Killed Prince Ribbit
  8100 | D:9      | Killed a two-headed ogre
  8101 | D:9      | Reached skill level 5 in Invocations
  8124 | D:9      | HP: 2/82 [wyvern (12)]
  8384 | D:9      | Identified the +2 barding "Poboiqo" {*Slow rF+ Slay+3}
                  | (Okawaru gifted it to you on level 9 of the Dungeon)
  8384 | D:9      | Received a gift from Okawaru
  8463 | D:9      | Reached XP level 11. HP: 87/88 MP: 15/15
  8671 | D:9      | Reached skill level 12 in Axes
  9371 | D:9      | Found a staircase to the Orcish Mines.
 10017 | D:10     | Entered Level 10 of the Dungeon
 10837 | D:10     | Found a shadowy altar of Dithmenos.
 11143 | Lair:1   | Entered Level 1 of the Lair of Beasts
 11159 | Lair:1   | Noticed Amaemon
 11178 | Lair:1   | Killed Amaemon
 11694 | Lair:1   | Noticed a death yak
 11704 | Lair:1   | Reached skill level 13 in Axes
 11704 | Lair:1   | Killed a death yak
 11711 | Lair:1   | Noticed an ice dragon
 11759 | Lair:1   | Identified the +3 demon blade of Okawaru's Wrath {vamp,
                  | Drain +Blink MP+9 Str+9 Int+2} (Okawaru gifted it to you on
                  | level 1 of the Lair of Beasts)
 11759 | Lair:1   | Received a gift from Okawaru
 11929 | D:3      | Killed Crazy Yiuf
 11946 | D:3      | Identified the +4 hammer "Fueguist" {venom, +Blink rCorr
                  | Str-5}
 12304 | Lair:1   | Reached XP level 12. HP: 48/98 MP: 18/18
 13114 | Lair:1   | Killed an ice dragon
 13115 | Lair:1   | Reached skill level 10 in Invocations
 13640 | Lair:1   | Identified the +2 buckler of Uskayaw's Whim {Will+}
 13888 | Lair:2   | Found a runed translucent gate.
 13888 | Lair:2   | Found a runed translucent gate.
 13888 | Lair:2   | Found a runed translucent gate.
 13891 | Lair:2   | Noticed Qyfeak's ghost (journeyman DjVM)
 13929 | Lair:2   | Identified the +1 barding "Tekoucs" {rF+ rN+ Str+4 Int-4}
                  | (Okawaru gifted it to you on level 2 of the Lair of Beasts)
 13929 | Lair:2   | Received a gift from Okawaru
 13938 | Lair:2   | Reached skill level 14 in Axes
 14139 | Lair:2   | Found a viscous altar of Jiyva.
 14168 | Lair:2   | Found a hole to the Spider Nest.
 14198 | Lair:2   | Found a staircase to the Swamp.
 14976 | Lair:3   | Noticed Rupert
 14994 | Lair:3   | Mangled by Rupert

Illustrated notes

Levels and vault maps discovered:
D:1:      minmay_arrival_shattered_statue, layout_rooms,
          minmay_misc_feat_diagonals, serial_bayou_lake_a
D:2:      layout_basic, uniq_jessica
D:3:      layout_loops_cross, evilmike_ruin_ashenzari,
          minmay_overflow_temple_star_hex, shapermc_ecumenical_altar_rom_forum,
          minmay_cupped, uniq_ijyb, uniq_crazy_yiuf_cottage
D:4:      layout_gridville, nicolae_shop_sticking_my_neck_out
D:5:      layout_loops_ring, minmay_temple_entry_sparse_star
D:6:      cheibrodos_helix_gallery, layout_basic
D:7:      layout_cave_pods, mainiacjoe_overflow_alcove_4
D:8:      layout_loops_cross, david_lair_generic, corexii_leaking_fountain,
          minmay_between
D:9:      layout_basic, david_orc_3, gammafunk_ghost_necromancy, enter_bailey_8,
          kennysheep_kite_vault, uniq_prince_ribbit1
D:10:     layout_roguey, nicolae_dithmenos_shadow_blocks, worms_lemuel
Lair:1:   dreamdust_isle_of_ice, layout_cave_pods, dreamdust_wasp_nest,
          infiniplex_staircase_pool_2, uniq_amaemon
Lair:2:   layout_misc_corridors, swamp_mist_pool, spider_nest_entry_web_field,
          gammafunk_ghost_ooze, minivault_11, small_statue_intersection,
          evilmike_ambush [evilmike_ambush_outer_basic,
          evilmike_ambush_inner_cross]
Lair:3:   layout_chaotic_city, st_stairs_6, uniq_rupert

Skill      XL: |  1  2  3  4  5  6  7  8  9 10 11 12 |
---------------+-------------------------------------+-----
Armour         | 3 4 5 6 7 |  7.4
Axes           | 3 4 5 6 8 10 11 13 14 | 14.5
Shields        | 3 4 5 6 7 8 |  8.9
Fighting       | 4 5 6 7 8 |  8.8
Invocations    | 3 6 9 11 | 11.1
Stealth        | 1 |  1.0
Evocations     | 1 |  1.4
Dodging        | |  0.5

Action                   |  1- 3 |  4- 6 |  7- 9 | 10-12 || total
-------------------------+-------+-------+-------+-------++-------
Melee: War axe           |   101 |   132 |   278 |   570 ||  1081
       Tailslap          |     8 |    14 |    42 |    91 ||   155
Invok: Heroism           |       |       |     3 |    11 ||    14
       Finesse           |       |       |     1 |     5 ||     6
 Abil: Rolling Charge    |    20 |    18 |    26 |    49 ||   113
Evoke: Wand              |       |       |     3 |       ||     3
  Use: Scroll            |     4 |     1 |    15 |    12 ||    32
       Potion            |       |     1 |     1 |     2 ||     4
Armor: Plate armour      |    74 |    75 |   109 |    43 ||   301
       Gold dragon scale |       |       |       |   228 ||   228
Dodge: Dodged            |    18 |    50 |    76 |    57 ||   201
Block: Buckler           |    22 |    72 |    74 |    66 ||   234
       Reflection        |       |     3 |     2 |    10 ||    15
       Kite shield       |       |       |   128 |   297 ||   425

Table legend: (Time is in decaauts)
 A = Elapsed time spent in this place.
 B = Non-inter-level travel time spent in this place.
 C = Inter-level travel time spent in this place.
 D = Time resting spent in this place.
 E = Time spent auto-exploring this place.
 F = Levels seen in this place.
 G = Mean time per level.
                   A        B        C        D        E       F      G
               +--------+--------+--------+--------+--------+-----+--------+
         Total |  15115 |  13369 |   1746 |   2684 |   8339 |  13 | 1162.7 |
       Dungeon |  11945 |  10440 |   1505 |   2092 |   6451 |  10 | 1194.5 |
          Lair |   3169 |   2928 |    241 |    592 |   1888 |   3 | 1056.3 |
               +--------+--------+--------+--------+--------+-----+--------+

Top non-repeatable levels by time:
     D:8: 1953 daAuts
  Lair:1: 1918 daAuts
     D:9: 1574 daAuts
     D:7: 1544 daAuts
    D:10: 1087 daAuts
     D:3: 1062 daAuts
     D:6: 1032 daAuts
     D:5: 1019 daAuts
  Lair:2: 1011 daAuts
     D:2: 998 daAuts
     D:4: 920 daAuts
     D:1: 753 daAuts
  Lair:3: 239 daAuts
